 Dungeon Crawl Stone Soup version 0.29.1-1-gd02db6906a (webtiles) character file.

Game seed: 6100764526544736201

4 hikkokomori the Covered (level 1, 0/14 HPs)
             Began as a Gargoyle Fighter on Oct 6, 2022.
             Frozen to death by an endoplasm (4 damage)
             ... on level 1 of the Dungeon.
             The game lasted 00:00:29 (116 turns).

hikkokomori the Covered (Gargoyle Fighter)           Turns: 116, Time: 00:00:29

Health: 0/14       AC:  9    Str: 19    XL:     1   Next: 70%
Magic:  1/1        EV:  9    Int:  8    God:
Gold:   0          SH:  4    Dex:  9    Spells: 0/0 levels left

rFire   . . .      SeeInvis .   a - +0 flail
rCold   . . .      Faith    .   c - +0 buckler
rNeg    + . .      Spirit   .   b - +0 scale mail
rPois   ∞          Reflect  .   (no helmet)
rElec   +          Harm     .   (no cloak)
rCorr   .          Rampage  .   (no gloves)
Will    .....                   (no boots)
Stlth   ..........              (no amulet)
HPRegen 0.04/turn               (no ring)
MPRegen 0.07/turn               (no ring)

@: no status effects
A: sickness immunity, AC +2, negative energy resistance 1, electricity
resistance, torment resistance 1, petrification resistance
a: no special abilities


You were on level 1 of the Dungeon.
You visited 1 branch of the dungeon, and saw 1 of its levels.

Inventory:

Hand Weapons
 a - a +0 flail (weapon)
Armour
 b - a +0 scale mail (worn)
 c - a +0 buckler (worn)
Scrolls
 e - 3 scrolls of identify {unknown}
 f - 2 scrolls of teleportation {unknown}
Potions
 d - a potion of might


   Skills:
 + Level 3.3 Fighting
 + Level 2.1 Maces & Flails
 + Level 3.4 Armour
 + Level 3.3 Shields


You couldn't memorise any spells.
You didn't know any spells.
Your spell library was empty.

Dungeon Overview and Level Annotations

Branches:
Dungeon (1/15)

Altars:


Innate Abilities, Weirdness & Mutations

You are immune to sickness and miasma.
Your stone body is resilient. (AC +2)
You are immune to poison.
You resist negative energy. (rN+)
You are resistant to electric shocks. (rElec)
You are resistant to unholy torment.
You are immune to petrification.


Message History

A jackal is nearby!
An endoplasm and a jackal come into view.
The endoplasm quivers.
There are monsters nearby!
There are monsters nearby!
You barely miss the jackal. The jackal bites you. x2
There are monsters nearby!
You hit the jackal.
The jackal is heavily wounded.
The jackal barely misses you. The jackal closely misses you.
The jackal barely misses you.
There are monsters nearby!
You completely miss the jackal.
The jackal is heavily wounded.
The jackal barely misses you.
The jackal bites you but does no damage.
The endoplasm closely misses you. The jackal completely misses you.
You block the jackal's attack. The endoplasm barely misses you.
There are monsters nearby!
You barely miss the jackal.
The jackal is heavily wounded.
The jackal bites you but does no damage. x2
The jackal barely misses you. The endoplasm freezes you.
You are frozen.
* * * LOW HITPOINT WARNING * * *
The jackal barely misses you. The endoplasm attacks as you move away!
The endoplasm closely misses you. The jackal attacks as you move away!
The jackal bites you but does no damage.
The jackal attacks as you move away! You block the jackal's attack.
You are too injured to fight recklessly!
You closely miss the jackal. The jackal closely misses you.
Unknown command.
You hit the endoplasm.
The endoplasm is moderately wounded.
The endoplasm closely misses you. The jackal barely misses you.
The endoplasm freezes you.
You are frozen.
You die...

###### #..^.# #....#
###### #####....####
#..... ###>..........##
#.....
#.....#....##..####.....
#.......................
#..[..#Jh..###......_...
........#@h..# #..........
####..####....##..........
#.. #....##.......... ...
.....##.......... #..#
....######..#### #.. ....#
##.# #. ....# #.# ....#
#.# #.##


You could see an endoplasm and 2 jackals.

Vanquished Creatures
  An endoplasm (D:1)
  A quokka (D:1)
  2 ball pythons (D:1)
4 creatures vanquished.

Notes
Turn   | Place    | Note
-------+----------+-------------------------------------------
     0 | D:1      | hikkokomori the Gargoyle Fighter began the quest for the
                  | Orb.
     0 | D:1      | Reached XP level 1. HP: 14/14 MP: 1/1
    29 | D:1      | Found a faded altar of an unknown god.
   116 | D:1      | Frozen to death by an endoplasm

Illustrated notes

Levels and vault maps discovered:
D:1:      onia_arrival_handbag, layout_basic, basic_ecumenical_altar

Action                   || total
-------------------------++-------
Melee: Flail             ||    21
Armor: Scale mail        ||    20
Dodge: Dodged            ||    21
Block: Buckler           ||     6
